 Dungeon Crawl Stone Soup version 0.28-a0-1613-gdaab1c2f9b (webtiles) character file.

Game seed: 2819482759392597573

126 rogsnak the Digger (level 4, 0/33 (35) HPs)
             Began as a Draconian Earth Elementalist on Jan 22, 2022.
             Slain by Crazy Yiuf (9 damage)
             ... on level 3 of the Dungeon.
             The game lasted 00:09:04 (4237 turns).

rogsnak the Digger (Draconian Earth Elementalist)   Turns: 4237, Time: 00:09:04

HP:   0/33 (35)     AC:  5    Str: 10    XL:     4   Next: 84%
MP:   4/8           EV: 12    Int: 18    God:
Gold: 101           SH:  0    Dex: 11    Spells: 4/8 levels left

rFire   . . .      SeeInvis .   p - +1 whip (pain)
rCold   . . .      Faith    .   (no shield)
rNeg    . . .      Spirit   .   (armour unavailable)
rPois   .          Reflect  .   (helmet restricted)
rElec   .          Harm     .   (no cloak)
rCorr   .          Rampage  .   (no gloves)
Will    .....                   (no boots)
Stlth   ++........              (no amulet)
HPRegen 0.11/turn               (no ring)
MPRegen 0.11/turn               (no ring)

@: drained
A: AC +5, unfitting armour, cold-blooded
a: no special abilities


You were on level 3 of the Dungeon.
You visited 1 branch of the dungeon, and saw 3 of its levels.

You collected 101 gold pieces.

Inventory:

Hand Weapons
 d - a +0 dagger
 h - a +0 hand axe
 n - a +0 mace
 p - a +1 whip of pain (weapon)
Missiles
 b - 23 stones
 e - a boomerang (quivered)
 k - 2 poisoned darts
Jewellery
 r - an amulet of guardian spirit
Scrolls
 c - a scroll of acquirement {unknown}
 f - a scroll of amnesia {unknown}
 g - 2 scrolls of noise {unknown}
 i - 2 scrolls of fear {unknown}
 j - a scroll of enchant weapon {unknown}
 l - a scroll of vulnerability {unknown}
 o - a scroll of enchant armour {unknown}
 q - a scroll of identify {unknown}
Potions
 a - a potion of flight {unknown}
 m - a potion of lignification {unknown}


   Skills:
 + Level 1.3 Fighting
 + Level 2.8 Dodging
 - Level 1.7 Stealth
 + Level 2.9 Spellcasting
 * Level 1.1 Conjurations
 - Level 1.0 Transmutations
 + Level 3.8 Earth Magic


You had 4 spell levels left.
You knew the following spells:

 Your Spells              Type           Power      Damage    Failure   Level
a - Sandblast             Erth           32%        2d9       3%          1
b - Stone Arrow           Conj/Erth      22%        3d8       17%         3

Your spell library contained the following spells:

 Spells                   Type           Power      Damage    Failure   Level
 Passwall                 Tmut/Erth      9%         N/A       10%         2
 Foxfire                  Conj/Fire      16%        2x1d4     13%         1
 Slow                     Hex            8%         N/A       17%         1
 Conjure Flame            Conj/Fire      4%         6-21      36%         3
 Confusing Touch          Hex            2%         N/A       45%         3
 Inner Flame              Hex/Fire       2%         N/A       45%         3
 Tukima's Dance           Hex            2%         N/A       45%         3
 Vampiric Draining        Necr           2%         2d6       45%         3
 Petrify                  Tmut/Erth      11%        N/A       52%         4
 Flame Wave               Conj/Fire      4%         2d5       77%         4
 Passage of Golubria      Tloc           2%         N/A       86%         4
 Yara's Violent Unravell  Hex/Tmut       2%         3d3       98%         5


Dungeon Overview and Level Annotations

Branches:
Dungeon (3/15)

Altars:

Shops:
D:1 !   D:3 :

Annotations:
D:3 Crazy Yiuf


Innate Abilities, Weirdness & Mutations

Your plain brown scales are hard. (AC +5)
You cannot fit into any form of body armour.
You are cold-blooded and may be slowed by cold attacks.


Message History

Confirm with . or Enter, or press ? or * to list all spells.
Aiming: Sandblast (safe; 3% risk of failure)
Press: ? - help, Shift-Dir - straight line, f - Crazy Yiuf
Aim: Crazy Yiuf, wielding a +2 quarterstaff of chaos and wearing a +0 cloak (82% to hit)
The blast of sand hits Crazy Yiuf.
Crazy Yiuf is lightly wounded.
b - 26 stones Crazy Yiuf barely misses you.
Casting: Sandblast (safe; 3% risk of failure)
Confirm with . or Enter, or press ? or * to list all spells.
Aiming: Sandblast (safe; 3% risk of failure)
Press: ? - help, Shift-Dir - straight line, f/p - Crazy Yiuf
Aim: Crazy Yiuf, wielding a +2 quarterstaff of chaos and wearing a +0 cloak (lightly wounded, 82% to hit)
The blast of sand hits Crazy Yiuf.
Crazy Yiuf is moderately wounded.
b - 25 stones Crazy Yiuf hits you with a +2 quarterstaff of chaos!
You feel drained.
Casting: Sandblast (safe; 3% risk of failure)
Confirm with . or Enter, or press ? or * to list all spells.
Aiming: Sandblast (safe; 3% risk of failure)
Press: ? - help, Shift-Dir - straight line, f/p - Crazy Yiuf
Aim: Crazy Yiuf, wielding a +2 quarterstaff of chaos and wearing a +0 cloak (moderately wounded, 82% to hit)
The blast of sand hits Crazy Yiuf.
Crazy Yiuf is moderately wounded.
b - 24 stones Crazy Yiuf grits, "Spliff!
Ten mumblescurry cower."
Crazy Yiuf hits you with a +2 quarterstaff of chaos!
Crazy Yiuf burns you.
* * * LOW HITPOINT WARNING * * *
Casting: Sandblast (safe; 3% risk of failure)
Confirm with . or Enter, or press ? or * to list all spells.
Aiming: Sandblast (safe; 3% risk of failure)
Press: ? - help, Shift-Dir - straight line, f/p - Crazy Yiuf
Aim: Crazy Yiuf, wielding a +2 quarterstaff of chaos and wearing a +0 cloak (moderately wounded, 82% to hit)
The blast of sand hits Crazy Yiuf!
Crazy Yiuf is severely wounded.
b - 23 stones Crazy Yiuf hits you with a +2 quarterstaff of chaos!
You die...

########
##.+..#.### ###
##......#..##...#
#......####@g...#
##...+.## ###..)#
######
#####..##### ###
####....##
........#
#..'(.....
#########
####)....# ###
##...##∩.∩# #.##
#.##)##...# #..#
#.#....∩.∩. ##.##
#.#..######


You could see Crazy Yiuf.

Vanquished Creatures
  An orc wizard (D:3)
  Robin (D:3)
  2 adders
  A worm (D:2)
  3 dart slugs
  6 orcs
  2 endoplasms (D:3)
  A giant cockroach (D:3)
  9 goblins
  11 hobgoblins
  3 kobolds
  2 quokkas
  6 ball pythons
  3 bats
  2 frilled lizards (D:3)
  2 rats
55 creatures vanquished.

Notes
Turn   | Place    | Note
-------+----------+-------------------------------------------
     0 | D:1      | rogsnak the Draconian Earth Elementalist began the quest
                  | for the Orb.
     0 | D:1      | Reached XP level 1. HP: 14/14 MP: 3/3
   522 | D:1      | Reached XP level 2. HP: 14/20 MP: 5/5
   632 | D:1      | Found a faded altar of an unknown god.
   916 | D:1      | Found Dusuoc's Distillery.
  1924 | D:2      | Reached XP level 3. HP: 25/26 MP: 6/6
  2272 | D:2      | Learned a level 3 spell: Stone Arrow
  3368 | D:3      | Noticed Robin
  3400 | D:3      | Reached XP level 4. HP: 24/34 MP: 8/8
  3603 | D:3      | Reached skill level 1 in Fighting
  3613 | D:3      | Reached skill level 1 in Conjurations
  3725 | D:3      | Found Lirreeliy's Book Boutique.
  3746 | D:3      | Killed Robin
  4229 | D:3      | Found a runed translucent door.
  4230 | D:3      | Noticed Crazy Yiuf
  4237 | D:3      | Slain by Crazy Yiuf

Illustrated notes

Levels and vault maps discovered:
D:1:      dpeg_arrival_yet_another_circle, layout_rooms, serial_shops, shop,
          shapermc_ecumenical_altar_mp_ritualfount, wad_floor_pattern_1,
          skrybe_limestone_x, chequers_jeans, kennysheep_minor_cross,
          minmay_strange_pillars
D:2:      layout_basic
D:3:      layout_basic, serial_shops, nicolae_shop_competitors_out_of_business,
          uniq_crazy_yiuf_cottage, uniq_robin

Skill      XL: |  1  2  3  4 |
---------------+-------------+-----
Dodging        | 2 |  2.8
Fighting       | 1 |  1.3
Conjurations   | 1 |  1.1
Stealth        | |  1.7
Spellcasting   | |  2.9
Transmutations | |  1.0
Earth Magic    | |  3.8

Action                   |  1- 3 |  4- 6 || total
-------------------------+-------+-------++-------
Melee: Dagger            |    38 |       ||    38
       Tailslap          |    17 |     4 ||    21
       Punch             |     2 |     1 ||     3
       Hand axe          |   102 |       ||   102
       Mace              |    18 |    18 ||    36
       Whip              |       |    25 ||    25
Throw: Boomerang         |    10 |       ||    10
 Cast: Sandblast         |    10 |    17 ||    27
       Stone Arrow       |     1 |       ||     1
 Stab: Sleeping          |     3 |       ||     3
Armor: Skin              |    43 |     9 ||    52
Dodge: Dodged            |   112 |    27 ||   139

Table legend: (Time is in decaauts)
 A = Elapsed time spent in this place.
 B = Non-inter-level travel time spent in this place.
 C = Inter-level travel time spent in this place.
 D = Time resting spent in this place.
 E = Time spent auto-exploring this place.
 F = Levels seen in this place.
 G = Mean time per level.
                   A        B        C        D        E       F      G
               +--------+--------+--------+--------+--------+-----+--------+
         Total |   4291 |   4227 |     64 |   1193 |   1990 |   3 | 1430.3 |
       Dungeon |   4291 |   4227 |     64 |   1193 |   1990 |   3 | 1430.3 |
               +--------+--------+--------+--------+--------+-----+--------+

Top non-repeatable levels by time:
     D:2: 1874 daAuts
     D:1: 1256 daAuts
     D:3: 1160 daAuts
